NCAA
TENNESSEE VOLUNTEERS @ CONNECTICUT HUSKIES
05/11/2027
 
TOP OF THE 1ST
Tennessee Volunteers batting - Pitching for Connecticut Huskies : RHP Terry Leroux
Pitching: RHP Terry Leroux
Batting: RHB Danny Scott 0-0: Ball
1-0: Ball
2-0: Foul Ball, location: 2F
2-1: Ball
3-1: Base on Balls
Batting: RHB Ralph Fitzgerald 0-0: Ball
1-0: Ball
2-0: Ball
3-0: Base on Balls
Danny Scott to second
Batting: RHB César García 0-0: Called Strike
0-1: Fly out, F8 (Flyball, 78M)
Batting: LHB Vernon Hill 0-0: Swinging Strike
0-1: Foul Ball, location: 2F
0-2: Strikes out swinging
Batting: RHB Kevin Manning 0-0: Ball
1-0: Ball
2-0: Foul Ball, location: 2F
2-1: Called Strike
2-2: Fly out, F9 (Flyball, 9)
Top of the 1st over - 0 run(s), 0 hit(s), 0 error(s), 2 left on base; Tennessee 0 - Connecticut 0
BOTTOM OF THE 1ST
Connecticut Huskies batting - Pitching for Tennessee Volunteers : RHP Barrett Pritchard
Pitching: RHP Barrett Pritchard
Batting: RHB Steve Murphy 0-0: Called Strike
0-1: Ground out 4-3 (Groundball, 4)
Batting: SHB Dalton Rowe 0-0: Bunted foul
0-1: Swinging Strike
0-2: SINGLE (Groundball, 34D)
Batting: LHB Arthur MacDonald 0-0: Called Strike
0-1: Foul Ball, location: 2F
0-2: Strikes out swinging
Batting: LHB Stanley Smith 0-0: Fielders Choice at 2nd, 4-6 (Groundball, 4)
Bottom of the 1st over - 0 run(s), 1 hit(s), 0 error(s), 0 left on base; Tennessee 0 - Connecticut 0
TOP OF THE 2ND
Tennessee Volunteers batting - Pitching for Connecticut Huskies : RHP Terry Leroux
Batting: LHB Joe Storms 0-0: Ball
1-0: Ball
2-0: Bunt for hit - play at first, batter OUT! 1-3
Batting: RHB Tanner Albert 0-0: Ball
1-0: Ball
2-0: Ball
3-0: Called Strike
3-1: Foul Ball, location: 2F
3-2: Base on Balls
Batting: LHB Miguel Gómez 0-0: Foul Ball, location: 2F
0-1: Ball
1-1: Foul Ball, location: 2F
1-2: Ball
2-2: Strikes out swinging
Batting: RHB Lorne McClain 0-0: Fly out, F8 (Flyball, 8LS)
Top of the 2nd over - 0 run(s), 0 hit(s), 0 error(s), 1 left on base; Tennessee 0 - Connecticut 0
BOTTOM OF THE 2ND
Connecticut Huskies batting - Pitching for Tennessee Volunteers : RHP Barrett Pritchard
Batting: RHB Joe Wright 0-0: Called Strike
0-1: Fly out, F8 (Line Drive, 8LD)
Batting: RHB Bill Murray 0-0: Ball
1-0: Foul Ball, location: 2F
1-1: Ball
2-1: Ball
3-1: Called Strike
3-2: Strikes out looking
Batting: RHB Barrett Barr 0-0: SOLO HOME RUN (Flyball, 7LD), Distance : 326 ft
Batting: RHB Bill Moore 0-0: Ball
1-0: Ball
2-0: Ground out 6-3 (Groundball, 6)
Bottom of the 2nd over - 1 run(s), 1 hit(s), 0 error(s), 0 left on base; Tennessee 0 - Connecticut 1
TOP OF THE 3RD
Tennessee Volunteers batting - Pitching for Connecticut Huskies : RHP Terry Leroux
Batting: RHB Danny Scott 0-0: Swinging Strike
0-1: Called Strike
0-2: Ball
1-2: Strikes out swinging
Batting: RHB Ralph Fitzgerald 0-0: Ball
1-0: Called Strike
1-1: Ball
2-1: Foul Ball, location: 2F
2-2: Foul Ball, location: 2F
2-2: Foul Ball, location: 2F
2-2: Ball
3-2: Ground out 5-3 (Groundball, 56)
Batting: RHB César García 0-0: Ball
1-0: Swinging Strike
1-1: Foul Ball, location: 2F
1-2: Ball
2-2: Foul Ball, location: 2F
2-2: Strikes out swinging
Top of the 3rd over - 0 run(s), 0 hit(s), 0 error(s), 0 left on base; Tennessee 0 - Connecticut 1
BOTTOM OF THE 3RD
Connecticut Huskies batting - Pitching for Tennessee Volunteers : RHP Barrett Pritchard
Batting: RHB John Hatch 0-0: Ball
1-0: Called Strike
1-1: Swinging Strike
1-2: Foul Ball, location: 2F
1-2: Strikes out swinging
Batting: RHB Steve Murphy 0-0: Ground out 1-3 (Groundball, 13)
Batting: SHB Dalton Rowe 0-0: Ball
1-0: Ball
2-0: Called Strike
2-1: Ball
3-1: Foul Ball, location: 2F
3-2: Strikes out swinging
Bottom of the 3rd over - 0 run(s), 0 hit(s), 0 error(s), 0 left on base; Tennessee 0 - Connecticut 1
TOP OF THE 4TH
Tennessee Volunteers batting - Pitching for Connecticut Huskies : RHP Terry Leroux
Batting: LHB Vernon Hill 0-0: SINGLE (Line Drive, 9LS)
Batting: RHB Kevin Manning 0-0: Called Strike
0-1: Called Strike
Vernon Hill steals 2nd base
0-2: Strikes out swinging
Batting: LHB Joe Storms 0-0: Foul Ball, location: 2F
0-1: Ball
1-1: Called Strike
1-2: Foul Ball, location: 2F
1-2: Strikes out looking
Batting: RHB Tanner Albert 0-0: Called Strike
0-1: Ball
1-1: Foul Ball, location: 2F
1-2: Ball
2-2: Ball
3-2: Fly out, F6 (Line Drive, 56)
Top of the 4th over - 0 run(s), 1 hit(s), 0 error(s), 1 left on base; Tennessee 0 - Connecticut 1
BOTTOM OF THE 4TH
Connecticut Huskies batting - Pitching for Tennessee Volunteers : RHP Barrett Pritchard
Batting: LHB Arthur MacDonald 0-0: Ball
1-0: Foul Ball, location: 2F
1-1: Ball
2-1: Ground out 4-3 (Groundball, 34)
Batting: LHB Stanley Smith 0-0: Ball
1-0: Ball
2-0: Ball
3-0: Base on Balls
Batting: RHB Joe Wright 0-0: Ball
Throwing error on steal attempt, E2
Stanley Smith to third
1-0: Ball
2-0: Ball
3-0: Base on Balls
Batting: RHB Bill Murray 0-0: Ball
1-0: Called Strike
1-1: Ball
2-1: Swinging Strike
2-2: Fly out, F8 (Flyball, 78M)
Runner from 3rd tags up, SCORES, no throw
Batting: RHB Barrett Barr 0-0: Called Strike
0-1: Fielders Choice at 2nd, 4-6 (Groundball, 4)
Bottom of the 4th over - 1 run(s), 0 hit(s), 1 error(s), 0 left on base; Tennessee 0 - Connecticut 2
TOP OF THE 5TH
Tennessee Volunteers batting - Pitching for Connecticut Huskies : RHP Terry Leroux
Batting: LHB Miguel Gómez 0-0: Called Strike
0-1: Fly out, F9 (Flyball, 9)
Batting: RHB Lorne McClain 0-0: Foul Ball, location: 2F
0-1: Called Strike
0-2: SINGLE (Line Drive, 5D)
Batting: RHB Danny Scott 0-0: Called Strike
0-1: Called Strike
0-2: Ball
1-2: Foul Ball, location: 2F
1-2: Foul Ball, location: 2F
1-2: DOUBLE (Line Drive, 7)
Lorne McClain to third
Batting: RHB Ralph Fitzgerald 0-0: Ball
1-0: DOUBLE (Flyball, 9)
Lorne McClain scores
Danny Scott scores
Pitching: RHP Jason Carrière
Batting: RHB César García 0-0: Ball
1-0: Ball
2-0: Ball
3-0: Base on Balls
Batting: LHB Vernon Hill 0-0: Called Strike
0-1: Swinging Strike
0-2: Foul Ball, location: 2F
0-2: TRIPLE (Flyball, 8LXD)
Ralph Fitzgerald scores
César García scores
Batting: RHB Kevin Manning 0-0: Intentional Walk
Batting: LHB Joe Storms 0-0: Ball
1-0: Ball
2-0: Foul Ball, location: 2F
2-1: Ball
3-1: Base on Balls
Kevin Manning to second
Batting: RHB Tanner Albert 0-0: Called Strike
0-1: SINGLE (Line Drive, 7S)
Vernon Hill scores
Kevin Manning to third
Joe Storms to second
Runner from 3rd tries for Home, SAFE, throw made home
Joe Storms to third
Tanner Albert to second
Pitching: LHP Brad Bush
Batting: LHB Miguel Gómez 0-0: Ball
1-0: Called Strike
1-1: Ball
2-1: Ball
3-1: Foul Ball, location: 2F
3-2: Foul Ball, location: 2F
3-2: Foul Ball, location: 2F
3-2: Strikes out swinging
Batting: RHB Lorne McClain 0-0: Called Strike
0-1: Ball
1-1: SINGLE (Groundball, 4D)
Joe Storms scores
Tanner Albert to third
Runner from 3rd tries for Home, SAFE, no throw
Batting: RHB Danny Scott 0-0: Fly out, F6 (Popup, 6D)
Top of the 5th over - 8 run(s), 6 hit(s), 0 error(s), 1 left on base; Tennessee 8 - Connecticut 2
BOTTOM OF THE 5TH
Connecticut Huskies batting - Pitching for Tennessee Volunteers : RHP Barrett Pritchard
Batting: RHB Bill Moore 0-0: Ball
1-0: SINGLE (Groundball, 6MD)
Batting: RHB John Hatch 0-0: Ball
1-0: Ground out 5-3 (Groundball, 25)
Bill Moore to second
Batting: RHB Steve Murphy 0-0: Foul Ball, location: 2F
0-1: Swinging Strike
0-2: Foul Ball, location: 2F
0-2: Strikes out swinging
Batting: SHB Dalton Rowe 0-0: Swinging Strike
0-1: Called Strike
0-2: Ball
1-2: SINGLE (Groundball, 56D)
Bill Moore to third
Runner from 3rd tries for Home, SAFE, no throw
Batting: LHB Arthur MacDonald 0-0: Called Strike
0-1: SINGLE (Line Drive, 8RS)
Dalton Rowe to second
Runner from 2nd tries for 3rd, SAFE, throw made to third
Batting: LHB Stanley Smith 0-0: Ground out 4-3 (Groundball, 4S)
Bottom of the 5th over - 1 run(s), 3 hit(s), 0 error(s), 2 left on base; Tennessee 8 - Connecticut 3
TOP OF THE 6TH
Tennessee Volunteers batting - Pitching for Connecticut Huskies : LHP Brad Bush
Batting: RHB Ralph Fitzgerald 0-0: Called Strike
0-1: Ball
1-1: Swinging Strike
1-2: Ball
2-2: Strikes out swinging
Batting: RHB César García 0-0: Foul Ball, location: 2F
0-1: Called Strike
0-2: Strikes out looking
Batting: LHB Vernon Hill 0-0: Foul Ball, location: 2F
0-1: Foul Ball, location: 2F
0-2: Foul Ball, location: 2F
0-2: Ground out 1-3 (Groundball, 13S)
Top of the 6th over - 0 run(s), 0 hit(s), 0 error(s), 0 left on base; Tennessee 8 - Connecticut 3
BOTTOM OF THE 6TH
Connecticut Huskies batting - Pitching for Tennessee Volunteers : RHP Barrett Pritchard
Batting: RHB Joe Wright 0-0: Called Strike
0-1: Ball
1-1: SINGLE (Groundball, 56D)
Batting: RHB Bill Murray 0-0: Called Strike
0-1: Ball
1-1: Fly out, F8 (Flyball, 8RS)
Batting: RHB Barrett Barr 0-0: Called Strike
0-1: Ball
1-1: Fly out, F9 (Flyball, 9D)
Batting: RHB Bill Moore 0-0: Ball
1-0: Called Strike
1-1: Foul Ball, location: 2F
1-2: Ball
2-2: Foul Ball, location: 2F
2-2: Foul Ball, location: 2F
2-2: Ball
3-2: TRIPLE (Flyball, 7LS)
Joe Wright scores
Pitching: RHP Steve Jasper
Batting: RHB John Hatch 0-0: Ball
1-0: Ball
2-0: Called Strike
2-1: Ball
3-1: Foul Ball, location: 2F
3-2: SINGLE (Line Drive, 8RS)
Bill Moore scores
Batting: RHB Steve Murphy 0-0: Ball
1-0: Fly out, F3 (Popup, 3L)
Bottom of the 6th over - 2 run(s), 3 hit(s), 0 error(s), 1 left on base; Tennessee 8 - Connecticut 5
TOP OF THE 7TH
Tennessee Volunteers batting - Pitching for Connecticut Huskies : LHP Brad Bush
Batting: RHB Kevin Manning 0-0: Ground out 6-3 (Groundball, 6)
Batting: LHB Joe Storms 0-0: Ball
1-0: Ball
2-0: Swinging Strike
2-1: Foul Ball, location: 2F
2-2: Foul Ball, location: 2F
2-2: Foul Ball, location: 2F
2-2: Strikes out swinging
Batting: RHB Tanner Albert 0-0: Ball
1-0: Foul Ball, location: 2F
1-1: Ball
2-1: Foul Ball, location: 2F
2-2: Fly out, F7 (Line Drive, 7S)
Top of the 7th over - 0 run(s), 0 hit(s), 0 error(s), 0 left on base; Tennessee 8 - Connecticut 5
BOTTOM OF THE 7TH
Connecticut Huskies batting - Pitching for Tennessee Volunteers : RHP Steve Jasper
Batting: SHB Dalton Rowe 0-0: Ground out 6-3 (Groundball, 6)
Batting: LHB Arthur MacDonald 0-0: Foul Ball, location: 2F
0-1: Ball
1-1: Ball
2-1: Swinging Strike
2-2: Ball
3-2: Foul Ball, location: 2F
3-2: Ground out 1-3 (Groundball, 13)
Batting: LHB Stanley Smith 0-0: Ball
1-0: SOLO HOME RUN (Flyball, 9LD), Distance : 326 ft
Batting: RHB Joe Wright 0-0: Ball
1-0: Ball
2-0: Ball
3-0: Called Strike
3-1: Foul Ball, location: 2F
3-2: Base on Balls
Batting: RHB Bill Murray 0-0: Called Strike
0-1: Ball
1-1: DOUBLE (Flyball, 9D)
Joe Wright to third
Runner from 3rd tries for Home, SAFE, throw made home
Pitching: RHP José Vielmas
Batting: RHB Barrett Barr 0-0: Ball
1-0: Foul Ball, location: 2F
1-1: Called Strike
1-2: 2-RUN HOME RUN (Flyball, 9D), Distance : 346 ft
Batting: RHB Bill Moore 0-0: Swinging Strike
0-1: Foul Ball, location: 2F
0-2: Foul Ball, location: 2F
0-2: Ball
1-2: Ground out 5-3 (Groundball, 5)
Bottom of the 7th over - 4 run(s), 3 hit(s), 0 error(s), 0 left on base; Tennessee 8 - Connecticut 9
TOP OF THE 8TH
Tennessee Volunteers batting - Pitching for Connecticut Huskies : LHP Brad Bush
Batting: LHB Miguel Gómez 0-0: Called Strike
0-1: Ball
1-1: Fly out, F8 (Flyball, 8RM)
Pitching: RHP Luis Guerrero
Batting: RHB Lorne McClain 0-0: Fly out, F8 (Flyball, 8RM)
Batting: RHB Danny Scott 0-0: Called Strike
0-1: Called Strike
0-2: Ball
1-2: Ball
2-2: SINGLE (Flyball, 8RS)
Batting: RHB Ralph Fitzgerald 0-0: Called Strike
0-1: SINGLE (Line Drive, 34)
Danny Scott to second
Runner from 2nd tries for 3rd, SAFE, no throw
Batting: RHB César García 0-0: Ball
1-0: Ball
2-0: Called Strike
2-1: Called Strike
2-2: 3-RUN HOME RUN (Flyball, 7LD), Distance : 318 ft
Batting: LHB Vernon Hill 0-0: Called Strike
0-1: Ball
1-1: SINGLE (Groundball, 56) (infield hit)
Pitching: RHP Andrés Palma
Batting: RHB Kevin Manning 0-0: Called Strike
0-1: Ball
1-1: Ball
2-1: Called Strike
2-2: Reached on error, E6 (Groundball, 6M)
Vernon Hill to second
Batting: LHB Joe Storms 0-0: Foul Ball, location: 2F
0-1: Foul Ball, location: 2F
0-2: Ball
1-2: Foul Ball, location: 2F
1-2: Ball
2-2: Strikes out looking
Top of the 8th over - 3 run(s), 4 hit(s), 1 error(s), 2 left on base; Tennessee 11 - Connecticut 9
BOTTOM OF THE 8TH
Connecticut Huskies batting - Pitching for Tennessee Volunteers : RHP José Vielmas
Batting: RHB John Hatch 0-0: Ball
1-0: Ball
2-0: Swinging Strike
2-1: Called Strike
2-2: Strikes out swinging
Batting: RHB Steve Murphy 0-0: DOUBLE (Line Drive, 7LM)
Pitching: RHP Zach Black
Batting: SHB Dalton Rowe 0-0: Foul Ball, location: 2F
0-1: Fly out, F4 (Popup, 4D)
Pitching: LHP Tony Féliz
Batting: LHB Arthur MacDonald 0-0: Ball
1-0: Foul Ball, location: 2F
1-1: Ball
2-1: Ball
3-1: SINGLE (Flyball, 9S)
Steve Murphy to third
Runner from 3rd tries for Home, SAFE, no throw
Pitching: RHP Bob Bowman
Batting: LHB Stanley Smith 0-0: Called Strike
0-1: Fielders Choice at 2nd, 4-6 (Groundball, 4)
Bottom of the 8th over - 1 run(s), 2 hit(s), 0 error(s), 0 left on base; Tennessee 11 - Connecticut 10
TOP OF THE 9TH
Tennessee Volunteers batting - Pitching for Connecticut Huskies : RHP Andrés Palma
Batting: RHB Tanner Albert 0-0: Ball
1-0: Swinging Strike
1-1: Ball
2-1: Ball
3-1: Foul Ball, location: 2F
3-2: Fly out, F3 (Popup, 3L)
Batting: LHB Miguel Gómez 0-0: Ball
1-0: Foul Ball, location: 2F
1-1: Ball
2-1: Foul Ball, location: 2F
2-2: Foul Ball, location: 2F
2-2: Ball
3-2: Base on Balls
Batting: RHB Lorne McClain 0-0: Ball
Miguel Gómez is caught stealing 2nd base
1-0: Called Strike
1-1: Called Strike
1-2: Foul Ball, location: 2F
1-2: Ball
2-2: Foul Ball, location: 2F
2-2: Ball
3-2: Foul Ball, location: 2F
3-2: Base on Balls
Batting: RHB Danny Scott 0-0: Fly out, F6 (Popup, 56D)
Top of the 9th over - 0 run(s), 0 hit(s), 0 error(s), 1 left on base; Tennessee 11 - Connecticut 10
BOTTOM OF THE 9TH
Connecticut Huskies batting - Pitching for Tennessee Volunteers : RHP Bob Bowman
Pitching: RHP Lorenzo Mesquit
Batting: RHB Joe Wright 0-0: Ball
1-0: Ball
2-0: Foul Ball, location: 2F
2-1: Ball
3-1: Base on Balls
Batting: RHB Bill Murray 0-0: Ball
1-0: Foul Ball, location: 2F
1-1: Swinging Strike
1-2: Ball
2-2: Strikes out swinging
Batting: RHB Barrett Barr 0-0: Ball
1-0: Ball
2-0: Ball
3-0: Base on Balls
Joe Wright to second
Batting: RHB Bill Moore 0-0: Called Strike
0-1: Ball
1-1: Swinging Strike
1-2: Strikes out swinging
Batting: RHB John Hatch 0-0: Swinging Strike
0-1: Ball
1-1: Ball
2-1: Foul Ball, location: 2F
2-2: Fly out, F8 (Flyball, 8LD)
Bottom of the 9th over - 0 run(s), 0 hit(s), 0 error(s), 2 left on base; Tennessee 11 - Connecticut 10
Thursday, March 30th, 2017 - OOTP Baseball 17.12 Build 75